 Dungeon Crawl Stone Soup version 0.20.1-1-g8b1a95d (webtiles) character file.

275 HelpMeObiWan the Slicer (level 6, -2/39 HPs)
             Began as a Kobold Berserker on Nov 24, 2017.
             Was a Priest of Trog.
             Succumbed to a worker ant's poison
             ... on level 3 of the Dungeon.
             The game lasted 00:03:39 (4301 turns).

HelpMeObiWan the Slicer (Kobold Berserker)          Turns: 4301, Time: 00:03:40

Health: -2/39      AC:  5    Str: 16    XL:     6   Next: 49%
Magic:  6/6        EV: 15    Int:  8    God:    Trog [***...]
Gold:   190        SH:  0    Dex: 15    Spells: 5/5 levels left

rFire    . . .     SeeInvis .   o - +2 dagger (flame)
rCold    . . .     Gourm    .   (shield restricted)
rNeg     . . .     Faith    .   v - +0 ring mail
rPois    .         Spirit   .   (no helmet)
rElec    .         Reflect  .   (no cloak)
rCorr    .         Harm     .   (no gloves)
MR       .....                  (no boots)
Stlth    +.........             (no amulet)
Regen    0.2/turn               p - +1 ring of evasion
MPRegen  0.1/turn               (no ring)

@: lethally poisoned (-2 -> -21), berserk cooldown, flying, slowed, very slow
A: carnivore 3
a: Berserk, Trog's Hand, Burn Spellbooks, Renounce Religion


You were on level 3 of the Dungeon.
You worshipped Trog.
Trog was most pleased with you.
You were very full.

You visited 1 branch of the dungeon, and saw 4 of its levels.

You collected 190 gold pieces.

Inventory:

Hand Weapons
 o - a +2 dagger of flaming (weapon)
Missiles
 a - a throwing net (quivered)
 d - 56 bolts
Armour
 v - a +0 ring mail (worn)
Jewellery
 p - a +1 ring of evasion (left hand)
Scrolls
 e - 3 scrolls of teleportation {unknown}
 g - 2 scrolls of remove curse {unknown}
 h - a scroll of recharging {unknown}
 i - 2 scrolls of enchant armour {unknown}
 k - a scroll of noise {unknown}
 n - a scroll of magic mapping {unknown}
 s - a scroll of immolation {unknown}
 t - a scroll of blinking {unknown}
Potions
 f - a potion of flight
 l - a potion of heal wounds {unknown}
 m - a potion of might {unknown}
 q - a potion of brilliance {unknown}
 r - a potion of invisibility {unknown}
 u - a potion of ambrosia {unknown}
Comestibles
 c - 2 meat rations


   Skills:
 + Level 4.5 Fighting
 * Level 8.1 Short Blades
 - Level 1.5 Armour
 - Level 2.4 Dodging


You had 5 spell levels left.
You didn't know any spells.

Dungeon Overview and Level Annotations

Branches:
Dungeon (4/15)
 Temple: D:4-7

Altars:
Fedhas
Qazlal
Vehumet

Annotations:
D:4 Sigmund


Innate Abilities, Weirdness & Mutations

You are small and have problems with some larger weapons.
You are carnivorous and can eat meat at any time.


Message History

You are too berserk!
You feel a strong urge to attack something.
* * * LOW HITPOINT WARNING * * *
You feel sick.
You are too berserk!
Unknown command.
* * * LOW HITPOINT WARNING * * *
You feel sick.
You feel your anger subside.
* * * LOW HITPOINT WARNING * * *
You feel sick.
You are no longer berserk.
You are exhausted.
You feel yourself slow down.
* * * LOW HITPOINT WARNING * * *
You feel sick.
It was a potion of flight.
You feel very buoyant.
You fly up into the air.
You die...

##### ##...##
##.....## ########
#.......# #.......
#.......# ####.......
#.......# #......รท...
##...>.## #.##)......
##......## #..#.......
#....@...# ##.#.......
#........####.#.######
#...............#
##.......####..#######
#....................
#.......####...######
#.......# #...# #
###.#...# #.#.######
#.###.## #.#.......


There were no monsters in sight!

Vanquished Creatures
  An orc wizard (D:3)
  3 worker ants
  4 gnolls
  5 adders (D:3)
  An ooze (D:1)
  A worm (D:3)
  4 dart slugs
  A leopard gecko (D:1)
  8 orcs
  3 giant cockroaches (D:2)
  9 goblins
  8 hobgoblins
  6 jackals
  3 quokkas (D:3)
  4 ball pythons
  3 bats
  4 frilled lizards (D:1)
  5 kobolds
  6 rats
79 creatures vanquished.

Notes
Turn   | Place    | Note
-------+----------+-------------------------------------------
     0 | D:1      | HelpMeObiWan the Kobold Berserker began the quest for the Orb.
     0 | D:1      | Reached XP level 1. HP: 14/14 MP: 1/1
    84 | D:1      | Reached XP level 2. HP: 13/19 MP: 2/2
   592 | D:1      | Reached XP level 3. HP: 21/24 MP: 3/3
   640 | D:1      | Reached skill level 5 in Short Blades
   987 | D:1      | Reached ** piety under Trog
  1289 | D:2      | Reached XP level 4. HP: 19/29 MP: 4/4
  1512 | D:2      | Found a blossoming altar of Fedhas.
  1512 | D:2      | Found a stormy altar of Qazlal.
  1513 | D:2      | Found a radiant altar of Vehumet.
  1835 | D:2      | Reached skill level 6 in Short Blades
  2440 | D:3      | Reached XP level 5. HP: 33/33 MP: 5/5
  2544 | D:3      | Found a faded altar of an unknown god.
  2606 | D:3      | Reached skill level 7 in Short Blades
  3565 | D:3      | Reached XP level 6. HP: 39/39 MP: 6/6
  3641 | D:3      | Reached *** piety under Trog
  3815 | D:4      | Noticed Sigmund
  4293 | D:3      | Reached skill level 8 in Short Blades
  4300 | D:3      | HP: 1/39 [poisoned by a worker ant]
  4301 | D:3      | Succumbed to a worker ant's poison

Skill      XL: |  1  2  3  4  5  6 |
---------------+-------------------+-----
Short Blades   | 5 6 7 8 |  8.1
Fighting       | 4 |  4.5
Armour         | |  1.5
Dodging        | |  2.4

Action                   |  1- 3 |  4- 6 || total
-------------------------+-------+-------++-------
Melee: Short sword       |   113 |    22 ||   135
       Dagger            |       |   176 ||   176
Invok: Berserk           |     2 |     2 ||     4
  Use: Potion            |       |     1 ||     1
 Stab: Sleeping          |     1 |     1 ||     2
  Eat: Chunk             |    10 |    11 ||    21
Armor: Animal skin       |    10 |    10 ||    20
       Ring mail         |       |     9 ||     9
Dodge: Dodged            |    65 |   102 ||   167
